 Dungeon Crawl Stone Soup version 0.27.1-33-g824d729ab1 (webtiles) character file.

Game seed: 15797442907797078135

399 pkoi the Ruffian (level 6, 0/48 HPs)
             Began as a Draconian Warper on Dec 17, 2021.
             Slain by Sigmund (11 damage)
             ... on level 4 of the Dungeon.
             The game lasted 00:06:56 (7532 turns).

pkoi the Ruffian (Draconian Warper)                 Turns: 7532, Time: 00:06:56

Health: 0/48       AC:  7    Str: 13    XL:     6   Next: 53%
Magic:  9/9        EV: 12    Int: 15    God:
Gold:   86         SH:  0    Dex: 11    Spells: 4/9 levels left

rFire    . . .     SeeInvis .   i - +2 dagger (venom)
rCold    . . .     Faith    .   (no shield)
rNeg     . . .     Spirit   .   (armour unavailable)
rPois    .         Reflect  .   (helmet restricted)
rElec    .         Harm     .   e - scarf {shadows}
rCorr    .         Rampage  .   (no gloves)
Will     .....                  m - +0 pair of boots
Stlth    +.........             (no amulet)
HPRegen  0.16/turn              (no ring)
MPRegen  0.11/turn              (no ring)

@: no status effects
A: AC +6, unfitting armour, cold-blooded
a: no special abilities


You were on level 4 of the Dungeon.
You visited 1 branch of the dungeon, and saw 4 of its levels.

You collected 86 gold pieces.

Inventory:

Hand Weapons
 f - a +1 short sword of speed
 g - a +0 whip
 i - a +2 dagger of venom (weapon)
 p - a +3 whip
Missiles
 b - 5 boomerangs of dispersal (quivered)
 l - 6 boomerangs
Armour
 e - a scarf of shadows (worn)
 m - a +0 pair of boots (worn)
Scrolls
 a - 2 scrolls of blinking
 c - a scroll of identify
 d - 2 scrolls of teleportation
 k - a scroll of fog {unknown}
Potions
 h - a potion of heal wounds {unknown}
 j - a potion of flight {unknown}
 n - a potion of curing {unknown}
 o - a potion of brilliance {unknown}


   Skills:
 - Level 2.1 Fighting
 - Level 0.8 Throwing
 - Level 2.1 Dodging
 + Level 5.5 Unarmed Combat
 - Level 2.0 Spellcasting
 + Level 5.2 Translocations


You had 4 spell levels left.
You knew the following spells:

 Your Spells              Type           Power      Damage    Failure   Level
a - Blink                 Tloc           N/A        N/A       3%          2
b - Gell's Gravitas       Tloc           8%         N/A       8%          3

Your spell library contained the following spells:

 Spells                   Type           Power      Damage    Failure   Level
 Lesser Beckoning         Tloc           8%         N/A       8%          3
 Teleport Other           Tloc           17%        N/A       8%          3
 Manifold Assault         Tloc           17%        N/A       56%         5
 Dispersal                Tloc           8%         N/A       98%         6


Dungeon Overview and Level Annotations

Branches:
Dungeon (4/15)
 Temple: D:4-7

Altars:
Elyvilon

Shops:
D:3 [

Annotations:
D:4 Menkaure, Sigmund


Innate Abilities, Weirdness & Mutations

Your plain brown scales are hard. (AC +6)
You cannot fit into any form of body armour.
You are cold-blooded and may be slowed by cold attacks.


Message History

Sigmund is moderately wounded.
Sigmund gestures at you while chanting. The puff of flame hits you.
Sigmund closely misses you.
You hit the scorpion but do no damage.
The scorpion is poisoned.
The scorpion stings you. The scorpion closely misses you.
You hit the scorpion.
The scorpion looks as sick as possible!
The scorpion is moderately wounded.
Sigmund barely misses you. The scorpion stings you.
You closely miss the scorpion.
The scorpion is almost dead.
You kill the scorpion!
Sigmund hits you from afar with a +0 scythe.
Sigmund gestures at you while chanting. The puff of flame misses you.
Sigmund mumbles some strange words.
Sigmund flickers and vanishes!
Deactivating autopickup; reactivate with Ctrl-A.
You barely miss something.
Your tail-slap misses something.
Something hits you.
You closely miss something. Something barely misses you.
You barely miss something. Something hits you!
* * * LOW HITPOINT WARNING * * *
You hear some strange, mumbled words.
You are confused.
You bump into the rock wall.
You hear some strange, mumbled words.
A magic dart appears from out of thin air!
The magic dart hits you but does no damage.
You bump into the rock wall.
You hear some strange, mumbled words.
Something tries to affect you, but you resist.
You bump into the rock wall.
Something hits you!
* * * LOW HITPOINT WARNING * * *
You closely miss something. You hit something but do no damage.
Something hits you.
* * * LOW HITPOINT WARNING * * *
You feel less confused. Something hits you!
You die...

...##.#..## ..# #.#
#........# #####.#..###.##
#.# #<#...##.# #....... #.#
#.##.###.# #.##.###. ...
..##.# #.# #####........
.#####.# #<# .........####
.# #.# #(# ...##.#### .#
#.. ..# ##......##########
##.## ###
##..###.........@###...####
....# #.########.{.........
###.###.# #####...###
#.....# ##.## ####### ...
####


There were no monsters in sight!

Vanquished Creatures
  A scorpion (D:4)
  3 orc priests (D:3)
  A hound skeleton (D:4)
  8 gnolls
  7 adders
  An adder skeleton (D:4)
  2 dart slugs (D:4)
  12 orcs
  7 ball pythons
  6 endoplasms
  2 giant cockroaches
  8 goblins
  5 hobgoblins
  6 kobolds
  5 quokkas
  9 bats
  3 frilled lizards
  6 rats
92 creatures vanquished.

Notes
Turn   | Place    | Note
-------+----------+-------------------------------------------
     0 | D:1      | pkoi the Draconian Warper began the quest for the Orb.
     0 | D:1      | Reached XP level 1. HP: 17/17 MP: 3/3
   642 | D:1      | Reached XP level 2. HP: 21/24 MP: 5/5
  1014 | D:1      | Found a faded altar of an unknown god.
  1537 | D:1      | Reached XP level 3. HP: 23/29 MP: 6/6
  1542 | D:1      | Learned a level 2 spell: Blink
  1546 | D:1      | Learned a level 3 spell: Gell's Gravitas
  2449 | D:1      | Reached XP level 4. HP: 24/36 MP: 7/7
  3888 | D:3      | Reached XP level 5. HP: 26/41 MP: 8/8
  4553 | D:3      | Found Yloeqepp's Antique Armour Boutique.
  5205 | D:3      | Reached skill level 5 in Unarmed Combat
  5679 | D:3      | Found a white marble altar of Elyvilon.
  5750 | D:3      | Reached XP level 6. HP: 44/48 MP: 9/9
  6192 | D:4      | Noticed Menkaure
  7099 | D:3      | Reached skill level 5 in Translocations
  7504 | D:4      | Noticed Sigmund
  7532 | D:4      | Slain by Sigmund

Illustrated notes

Levels and vault maps discovered:
D:1:      dpeg_arrival_shelter, layout_basic,
          dreamdust_ecumenical_altar_statues, kennysheep_small_spiral,
          chequers_serial_rivers_small_a
D:2:      layout_basic, corexii_item_surrounded_by_moat
D:3:      layout_loops_ring, mainiacjoe_overflow_chevrons, serial_shops,
          shop_statue
D:4:      layout_loops_ring, uniq_menkaure, uniq_edmund, uniq_sigmund

Skill      XL: |  1  2  3  4  5  6 |
---------------+-------------------+-----
Unarmed Combat | 3 4 5 |  5.5
Translocations | 4 5 |  5.2
Fighting       | |  2.1
Throwing       | |  0.8
Dodging        | |  2.1
Spellcasting   | |  2.0

Action                   |  1- 3 |  4- 6 || total
-------------------------+-------+-------++-------
Melee: Unarmed           |   137 |   158 ||   295
       Tailslap          |    13 |    18 ||    31
       Punch             |     2 |     4 ||     6
       Dagger            |       |    74 ||    74
 Cast: Blink             |     2 |       ||     2
  Use: Scroll            |     2 |     3 ||     5
       Potion            |     1 |       ||     1
 Stab: Sleeping          |     1 |     3 ||     4
Armor: Skin              |    40 |    70 ||   110
Dodge: Dodged            |   107 |   143 ||   250
